[Event "4NCL 2022-2023"]
[Site "Daventry"]
[Date "2023.01.15"]
[Round "4.32"]
[White "Urh, Zala"]
[Black "Sivanandan, Bodhana"]
[Result "1-0"]
[ECO "B15"]
[WhiteElo "2282"]
[BlackElo "1718"]
[Annotator "TA"]
[PlyCount "105"]
[EventDate "2022.10.20"]
[EventType "team-tourn"]
[EventCountry "ENG"]
[SourceTitle "playchess.com"]
[Source "ChessBase"]
[SourceQuality "1"]
[TimeControl "40/6000+30:2400+30"]

1. e4 c6 2. d4 d5 3. Nc3 dxe4 4. Nxe4 Nf6 5. Nxf6+ exf6 6. c3 Bd6 7. Bd3 O-O 8. Qc2 {[%emt 0:00:04] Active counter play!} Re8+ {[%emt 0:00:50] B15: Caro-Kann: 3 Nc3: 3...g6 and 3...dxe4 4 Nxe4 Nf6 5 Nxf6+ exf6.} 9. Ne2 (9. Be3 $5 ) 9... h5 10. O-O Qc7 {[%emt 0:00:50] White is slightly better.} 11. h3 Nd7 12. Be3 b6 13. c4 c5 {[%emt 0:04:13] [#]} 14. Be4 $146 ({Predecessor:} 14. Nc3 cxd4 15. Nd5 Qb8 16. Be4 Bh2+ 17. Kh1 Rxe4 18. Qxe4 dxe3 19. f4 Bg3 20. Qxe3 {½-½ Casalaspro,M (1738)-Mafra,K (2071) Mombaca op 6th 2022 (2)}) 14... Bb7 15. d5 Nf8 16. Rae1 g6 17. Nc3 f5 (17... Qd7 $14) 18. Nb5 $1 $16 Qd7 19. Nxd6 Qxd6 20. Bf3 Nd7 21. g3 h4 22. Bf4 Qf6 23. Kh2 g5 24. Bd2 {[%emt 0:04:34] Bc3 is the strong threat.} g4 25. Bc3 (25. hxg4 $6 Rxe1 26. Bxe1 (26. Rxe1 fxg4 27. Bg2 Qxf2 $16) 26... Ne5 $16) 25... Qg5 26. Rxe8+ ({Better is} 26. Bg2 $1 $18) 26... Rxe8 {[%emt 0:00:14] [#]} 27. Rg1 $1 Kf8 {[%emt 0:02:01] [#]} (27... gxf3 $2 28. gxh4 $18) (27... Nf6 28. Bxf6) 28. hxg4 fxg4 {[%emt 0:01:09] [#]} 29. Bd1 {[%emt 0:01:40] A strong pair of Bishops.} (29. Qh7 $1 $18 Ne5 30. Be4 (30. gxh4 $2 {perishes.} Qf4+ 31. Rg3 Nxf3+ $19)) 29... Ne5 (29... hxg3+ $11 30. Rxg3 f5) 30. Qh7 $18 {[%emt 0:01:05] Qh8+ would be deadly.} Nf3+ $2 {[%emt 0:11:15][%mdl 8192] This costs Black the game.} (30... Qf6 $16) 31. Bxf3 {[%emt 0:00:06] Qh8+ would kill now.} gxf3 32. Qh8+ ({Less strong is} 32. Qxh4 Qxh4+ 33. gxh4 Re4 $18) (32. d6 $142 f6 33. d7 (33. Qxb7 hxg3+ {[%mdl 64] Remove Defender} 34. Rxg3 Qh6+ 35. Rh3 Qf4+ 36. Rg3 Qh6+ 37. Rh3 Qf4+ 38. Rg3 Qh6+ $11) 33... Rd8 34. gxh4 Be4 35. Qxe4 Qxg1+ 36. Kxg1 Rxd7 37. Bxf6 Rd1+ 38. Kh2) 32... Ke7 33. Re1+ {[%emt 0:02:00][%mdl 64] Skewer, Deflection. White mates.} Kd6 34. Rxe8 hxg3+ 35. fxg3 Bxd5 36. cxd5 f2 37. Qf8+ Kxd5 38. Qxf7+ Kc6 39. Re6+ Kb5 40. Qxf2 Qh5+ 41. Kg1 Qd1+ 42. Qf1+ Qxf1+ 43. Kxf1 Kc4 44. g4 b5 45. g5 b4 46. Be1 a5 47. g6 a4 48. g7 a3 49. bxa3 bxa3 50. g8=Q Kd3 51. Qg3+ Kc2 52. Qc3+ Kb1 53. Rb6+ {[%emt 0:00:08] Artfully played by Urh.   Weighted Error Value: White=0.12 (very precise) /Black=0.42} 1-0

[Event "4NCL 2022-2023"]
[Site "Daventry"]
[Date "2023.01.15"]
[Round "4.33"]
[White "Wall, Gavin"]
[Black "Reimanis, Ritvars"]
[Result "1/2-1/2"]
[ECO "C02"]
[WhiteElo "2286"]
[BlackElo "2374"]
[Annotator "TA"]
[PlyCount "76"]
[EventDate "2022.10.20"]
[EventType "team-tourn"]
[EventCountry "ENG"]
[SourceTitle "playchess.com"]
[Source "ChessBase"]
[SourceQuality "1"]
[TimeControl "40/6000+30:2400+30"]

1. e4 e6 2. d4 d5 3. e5 c5 4. c3 Nc6 5. Nf3 Qb6 6. a3 Nh6 7. b4 cxd4 8. cxd4 Nf5 9. Bb2 Bd7 $1 {[%emt 0:00:13] The main line 9...Bd7 scores better than 9...Be7.} 10. Be2 h5 {[%emt 0:00:19][%cal Og7g5] C02: French: Advance Variation.} 11. O-O Be7 12. b5 Na5 13. Nc3 {[%emt 0:00:00][%cal Bb1c3,Bc3a4,Ba4c5][%mdl 32] [#]} g5 $146 (13... Rc8 $15) ({Predecessor:} 13... Rc8 14. Na4 Qd8 15. Nd2 O-O 16. Bd3 a6 17. bxa6 bxa6 18. Nc5 Bb5 19. Bxf5 exf5 {½-½ Savic,M (2511)-Djordjevic,V (2414) Paracin GM 2nd 2018 (7)}) 14. Na4 (14. Bd3 $5 ) 14... Qd8 15. Nd2 g4 16. Nc5 Rc8 17. Rc1 b6 18. Ncb3 Nc4 19. Nxc4 $16 dxc4 20. Rxc4 O-O 21. a4 a6 (21... Rxc4 $16 22. Bxc4 Nh4) 22. bxa6 Rxc4 23. Bxc4 Bxa4 24. Qd3 ({Better is} 24. d5 $18 b5 25. Be2) 24... Bc6 {[%emt 0:08:07] [#]} 25. d5 $1 Bxd5 26. Bxd5 Qxd5 27. Qxd5 exd5 28. Ra1 {[%emt 0:00:00] Threatens to win with Bd4.} Ra8 29. Bd4 Bd8 30. f3 (30. a7 Ne7 $11) 30... Kf8 31. fxg4 ({But not} 31. a7 gxf3 32. gxf3 Ne7 $11) 31... hxg4 32. Kf2 (32. Bc3 $5 ) 32... Ke8 33. Ra2 (33. Bc3 $14) 33... Kd7 $11 {[%emt 0:00:45] The position is equal.} 34. Be3 Bc7 35. Nd4 Nxe3 36. Kxe3 Bxe5 37. h4 {[%emt 0:00:08] Hoping for h5.} gxh3 38. gxh3 Bf6 {[%emt 0:01:51] Black defended with fortune.   Weighted Error Value: White=0.16 (very precise) /Black=0.16 (very precise)} 1/2-1/2

[Event "4NCL 2022-2023"]
[Site "Daventry"]
[Date "2023.01.15"]
[Round "4.34"]
[White "Kilpatrick, Callum"]
[Black "Bourached, Anthony"]
[Result "1-0"]
[ECO "B10"]
[WhiteElo "2413"]
[BlackElo "2049"]
[Annotator "TA"]
[PlyCount "81"]
[EventDate "2022.10.20"]
[EventType "team-tourn"]
[EventCountry "ENG"]
[SourceTitle "playchess.com"]
[Source "ChessBase"]
[SourceQuality "1"]
[TimeControl "40/6000+30:2400+30"]

1. e4 c6 2. Nf3 d5 3. d3 dxe4 4. dxe4 Qxd1+ 5. Kxd1 Bg4 6. Nbd2 {[%emt 0:14:37] B10: Caro-Kann: 2 d3 and 2 c4.} Nd7 7. c3 {[%emt 0:10:16] [#]} Ngf6 $146 (7... e6 $5) ({Predecessor:} 7... Ne5 8. Kc2 Nxf3 9. gxf3 Be6 10. Nb3 b6 11. a4 O-O-O 12. Ba6+ Kb8 13. Bf4+ Ka8 {1-0 Glavina,P (2394)-Korchmar,V (2450) Titled Tuesday intern op 28th Jun Late blitz 2022 (8)}) 8. Kc2 {[%emt 0:03:49] The position is equal.} e5 9. Ne1 (9. h3 $5 Bh5 10. Nh4 $11) 9... Bc5 {[%emt 0:10:57] [#]} (9... Be6 $11) 10. Nd3 (10. f3 $1 $16 ) 10... O-O-O (10... Bd6 $11 {keeps the balance.}) 11. f3 (11. Nxc5 {seems wilder.} Nxc5 12. f3 Be6 13. a4) 11... Be6 {[%emt 0:00:15] [#]} 12. Nxc5 $1 Nxc5 13. Nc4 Nfd7 14. Be3 f6 15. a4 {[%emt 0:07:42] b4 is the strong threat.} Kb8 16. b4 Na6 17. Na5 {[%emt 0:02:39] Hoping for Bxa6.} Kc7 (17... Nc7 $16) 18. Bxa6 ({Don't play} 18. Bxa7 Ra8 $16) 18... bxa6 19. Bxa7 {[%emt 0:00:10] White is much more active.} Nb6 20. Rhd1 Nc4 21. Nxc4 Bxc4 22. a5 Rxd1 23. Rxd1 $16 {[%emt 0:00:08][%mdl 4096] Endgame KRB-KRB} Be6 24. Bb6+ Kc8 25. Rd6 Bd7 26. Kd3 Re8 27. Kc4 Re6 (27... h5 $16 {was worth a try.} 28. Rd1 h4) 28. Kc5 $18 Re7 29. Rd2 Kb7 30. Bd8 Rf7 31. Kd6 Bc8 {[%emt 0:08:42] Strongly threatening ...Rd7+.} 32. Be7 h5 33. c4 g6 (33... f5 {was called for.} 34. h3 g6) 34. Rb2 f5 35. Re2 {[%emt 0:06:29] Threatens to win with f4.} fxe4 36. Rxe4 Rf4 37. Kxe5 Rxe4+ 38. fxe4 ({But not} 38. Kxe4 $6 Bf5+ 39. Kd4 Bc2 $18) 38... Bd7 $2 (38... Kc7 $18 39. h3 c5 40. Bxc5 (40. bxc5 Bb7 $18) 40... Bb7) 39. Kd6 Kc8 40. Bg5 Bg4 41. Kxc6 {[%emt 0:40:31] Black did not feel at home in the position after the opening.   Weighted Error Value: White=0.14 (very precise) /Black=0.49} 1-0

[Event "4NCL 2022-2023"]
[Site "Daventry"]
[Date "2023.01.15"]
[Round "4.35"]
[White "Delaney, Killian"]
[Black "Pein, Jonathan"]
[Result "1-0"]
[ECO "A65"]
[WhiteElo "2294"]
[BlackElo "2252"]
[Annotator "TA"]
[PlyCount "65"]
[EventDate "2022.10.20"]
[EventType "team-tourn"]
[EventCountry "ENG"]
[SourceTitle "playchess.com"]
[Source "ChessBase"]
[SourceQuality "1"]
[TimeControl "40/6000+30:2400+30"]

1. c4 g6 2. Nc3 Bg7 3. d4 Nf6 4. e4 O-O 5. Nge2 d6 6. Ng3 c5 7. d5 e6 8. Be2 exd5 9. cxd5 $1 {[%emt 0:01:05] The main line 9.cxd5 scores better than 9.exd5.} Re8 10. h4 {[%emt 0:01:07] A65: Modern Benoni: 6 e4.} h5 11. Bg5 Qa5 12. O-O {[%emt 0:04:19] [#] The position is equal.} Nh7 $146 ({Predecessor:} 12... Ng4 13. Nb5 Qb6 14. a4 c4 15. Bxc4 a6 16. a5 Qc5 17. b4 Qxb4 18. Rb1 Qxb1 19. Qxb1 axb5 20. Bxb5 {1-0 Amgalantengis,E (1878)-Ardenski,D (1410) Kaspersky op U16 blitz 2021 (8)}) 13. Bf4 Qd8 14. Bb5 {[%emt 0:09:57] [#]} Re5 15. Bxe5 Bxe5 16. Nge2 Qxh4 17. f4 Bg7 18. Qe1 Qe7 19. Rd1 Bg4 20. Rd2 Nd7 21. e5 dxe5 (21... a6 $11 22. Bd3 (22. Bxd7 Qxd7 23. Ne4 dxe5 $11) 22... Nb6) 22. d6 Qd8 23. Qf2 (23. Nd5 $1 $14) 23... Nhf6 $11 24. fxe5 Nxe5 {[%emt 0:01:33] Threatens to win with ...Bf5.} 25. Qxc5 Bxe2 (25... Nfd7 $11 {remains equal.} 26. Qc7 Qg5) 26. Bxe2 $16 (26. Rxe2 $6 Nfg4 27. g3 Rc8 28. Qxa7 Qxd6 29. Qxb7 Rb8 $11) 26... Nfg4 (26... Nfd7 $14 27. Qe3 Kh7) 27. Bxg4 $18 Nxg4 28. Rd3 (28. Ne4 $16 {[%cal Of1f7] And now Rxf7! would win.} Bh6 29. Re2) 28... Be5 $2 {[%emt 0:02:56] Black cannot hold the game after this.} (28... Qh4 29. Rh3 Qd8 30. Ne4 $16) (28... Rc8 $1 $11 29. Qb4 (29. Qxa7 Qh4 $16) (29. Qd5 Qb6+ 30. Kh1 Nf2+ 31. Rxf2 Qxf2 $15) 29... Qd7) 29. d7 Qh4 30. Rh3 $36 {[%emt 0:03:28][%mdl 2048] Inhibits Qh2+. White has strong initiative. Active counter play!} Qd8 31. Qd5 Qe7 {[%emt 0:00:31] [#]} 32. Rhf3 $1 ({And not} 32. Qxb7 Rd8 33. Kh1 (33. Qxa7 Rxd7 34. Qa8+ Kg7 $17) 33... Rxd7 $17) 32... Bf6 $2 (32... Nf6 33. Qc4 (33. Qxb7 Rd8 $16) 33... Qxd7) 33. Ne4 {[%emt 0:00:36] Artfully played by Delaney.   Weighted Error Value: White=0.16 (very precise) /Black=0.26 (precise)} ({Weaker is} 33. Qxb7 Bd4+ 34. Kh1 Rd8 $11) 1-0

[Event "4NCL 2022-2023"]
[Site "Daventry"]
[Date "2023.01.15"]
[Round "4.36"]
[White "Pein, Malcolm"]
[Black "Venkatesan, Kavin"]
[Result "1/2-1/2"]
[ECO "D26"]
[WhiteElo "2302"]
[BlackElo "2152"]
[Annotator "TA"]
[PlyCount "94"]
[EventDate "2022.10.20"]
[EventType "team-tourn"]
[EventCountry "ENG"]
[SourceTitle "playchess.com"]
[Source "ChessBase"]
[SourceQuality "1"]
[TimeControl "40/6000+30:2400+30"]

1. d4 Nf6 2. c4 e6 3. Nf3 d5 4. Nc3 dxc4 5. e3 a6 6. Bxc4 b5 7. Be2 {[%emt 0:02:07] D26: Queen's Gambit Accepted: 4 e3 e6 5 Bxc5 c5 sidelines.} Nbd7 8. O-O Bb7 {[%emt 0:02:58] Prevents e4.} 9. b3 Be7 10. Bb2 O-O 11. a4 b4 12. Nb1 a5 13. Nbd2 {[%emt 0:00:55] [#]} Nb6 $146 (13... c5 $11) ({Predecessor:} 13... c5 14. Rc1 Rc8 15. Nc4 Bd5 16. Nfd2 cxd4 17. Bxd4 Rc7 18. f3 Bc5 19. Bxc5 Rxc5 {0-1 Hayrapetyan,H (2499)-Makarian,R (2517) Yerevan Margaryan Memorial-A 2022 (7)}) 14. Rc1 Rc8 15. Ne5 c5 16. Ndc4 ({White should try} 16. Bf3 $14 Bxf3 17. Qxf3) 16... Nxc4 $11 17. Nxc4 Nd5 (17... Qd5 $2 18. Bf3 (18. Nxa5 $2 Qxg2#) 18... Ne4 19. Nb6 $18 (19. Nxa5 Ba6 $16)) 18. dxc5 Bxc5 19. Bd3 {[%emt 0:20:45][%cal Oc4a5] [#]} Nc3 $1 20. Bxc3 bxc3 21. Rxc3 $40 {[%emt 0:03:47][%mdl 128] White mounts an attack.} Qg5 22. e4 f5 23. Qe2 (23. Nxa5 $2 Bxf2+ 24. Rxf2 Rxc3 $19) 23... Rcd8 $2 (23... Qf6 $11 {and Black has nothing to worry.} 24. Rcc1 Bb4) 24. Nxa5 $18 {[%emt 0:06:37][%mdl 64] Discovered Attack} Bxe4 25. Bxe4 fxe4 {[%emt 0:00:47] [#]} 26. Rxc5 $1 {[%emt 0:04:22][%mdl 576] Decoy} Qxc5 27. Nb7 Qb6 28. Nxd8 Rxd8 {[%emt 0:00:01][%mdl 4096] Endgame KQR-KQR} 29. Qe3 ({Don't play} 29. Qxe4 Qxb3 30. a5 Rd1) 29... Qb4 30. f3 Rd3 31. Qxe4 Qxb3 32. Re1 (32. a5 $18) 32... Rd1 (32... Qb6+ $16 {might work better.} 33. Kh1 Rd4 34. Qa8+ (34. Qxe6+ {gets mated.} Qxe6 35. Rb1 Rxa4 36. Rb8+ Kf7 37. Rb7+ Kg6 38. Rb1 Ra2 39. h4 Qe2 40. Rb6+ Kf5) 34... Kf7) 33. a5 Rd6 34. Qb1 (34. h4 $18) 34... Qc3 $16 35. Qa1 (35. Qb8+ {with more complications.} Kf7 36. Qa7+ Kg6 37. Re4) 35... Qc5+ 36. Kh1 {[%emt 0:00:08] And now a6 would win.} Ra6 {[%emt 0:00:18] [#]} (36... Rd2 $142) 37. Qe5 ({Better is} 37. Re5 $1 $16 Qb4 38. Rg5) 37... Qxa5 $11 {[%emt 0:00:59] The position is equal.} 38. Qb8+ (38. g4 {simplifies} Qxe5 39. Rxe5 Kf7 40. Kg2) 38... Kf7 39. Qb7+ Kf6 40. Qb2+ Kf7 ({Much less strong is} 40... e5 41. Rd1 $14) 41. Qb7+ Kf6 42. Qb2+ Kf7 43. Rd1 Ra7 44. h3 Re7 45. Qd4 h6 46. Qe4 Qb5 47. Rb1 Qf5 {[%emt 0:00:00] White really could win this.   Weighted Error Value: White=0.21 (precise) /Black=0.22 (precise)} 1/2-1/2

[Event "4NCL 2022-2023"]
[Site "Daventry"]
[Date "2023.01.15"]
[Round "4.37"]
[White "Freeman, Gordon"]
[Black "Gallana, Marco"]
[Result "0-1"]
[ECO "D34"]
[WhiteElo "2093"]
[BlackElo "2243"]
[Annotator "TA"]
[PlyCount "68"]
[EventDate "2022.10.20"]
[EventType "team-tourn"]
[EventCountry "ENG"]
[SourceTitle "playchess.com"]
[Source "ChessBase"]
[SourceQuality "1"]
[TimeControl "40/6000+30:2400+30"]

1. d4 d5 2. Nf3 e6 3. g3 Nf6 4. Bg2 c5 5. c4 Nc6 6. cxd5 exd5 7. O-O Be7 8. b3 O-O 9. Bb2 Ne4 10. Nc3 Bf6 11. Nxe4 dxe4 12. Nd2 cxd4 {[%emt 0:13:13] D34: Tarrasch Defence: 6 g3 Nf6 7 Bg2 Be7.} 13. Nxe4 Be7 $1 14. Rc1 Qb6 $1 {[%emt 0:00:31] [#] Repels Nc5. The position is equal.} 15. Qc2 $146 ({Predecessor:} 15. Nd2 Rd8 16. a3 Qb5 17. Nc4 Qh5 18. e4 Bg4 19. f3 Bh3 20. f4 Bg4 21. Bf3 Bxf3 22. Qxf3 Qxf3 23. Rxf3 {1-0 Gausel,E (2500)-Thomas,I (2145) Recklinghausen op 1999 (2)}) 15... Be6 16. Qb1 Rfd8 (16... Bg4 $5 ) 17. Rfd1 a5 18. Nd2 Qb5 19. Nc4 Bf6 (19... Bg5 {keeps more tension.} 20. e3 dxe3 21. Nxe3 a4) 20. Be4 h6 21. e3 (21. Ba3 $5 ) 21... Qh5 (21... a4 $5 ) 22. Bg2 (22. Bxd4 $11 Nxd4 23. exd4) 22... a4 $15 {[%emt 0:04:28] Black is more active.} 23. Nb6 {[%emt 0:02:16] This costs White the game.} ({White should play} 23. h4 $15) 23... axb3 $19 24. Nxa8 (24. Bxc6 $2 bxa2 25. Qa1 bxc6 26. exd4 Rab8 $19) 24... bxa2 25. Qe4 Bf5 (25... Rxa8 26. exd4 Bb3 27. Rd3 $17) 26. Bf3 {[%emt 0:02:31] [#] And now Qxc6 would win.} (26. g4 Bxg4 27. Rf1 (27. f3 $2 Bf5 $19) 27... Be2 28. exd4 Nxd4 29. Bxd4 Bxf1 30. Bxf6 Bxg2 31. Kxg2 gxf6 $19) 26... Bxe4 ({Much less strong is} 26... Rxa8 27. Qxc6 (27. Bxh5 Bxe4 28. exd4 Ra4 $17) 27... bxc6 28. Bxh5 $16) 27. Bxh5 Rxa8 28. Ba1 $2 (28. exd4 Ra4 29. Rd2) 28... d3 {[%emt 0:06:13] ...Bxa1 would be deadly.} 29. Bxf6 gxf6 {[%emt 0:00:07] Black is clearly winning.} 30. Ra1 (30. f3 $142 Bd5 31. e4) 30... Nb4 {[%emt 0:00:42] White must now prevent ...Nc2.} 31. f3 Bd5 {[%emt 0:00:19] [#] Threatens to win with ...Bc4.} 32. Kf2 Nc2 33. e4 Bc4 34. f4 b5 {[%emt 0:01:17] Weighted Error Value: White=0.87/Black=0.08 (flawless)} 0-1

[Event "4NCL 2022-2023"]
[Site "Daventry"]
[Date "2023.01.15"]
[Round "4.38"]
[White "Zulfic, Fedja"]
[Black "Thorarinsson, Pall A."]
[Result "1/2-1/2"]
[ECO "D79"]
[WhiteElo "2145"]
[BlackElo "2172"]
[Annotator "TA"]
[PlyCount "76"]
[EventDate "2022.10.20"]
[EventType "team-tourn"]
[EventCountry "ENG"]
[SourceTitle "playchess.com"]
[Source "ChessBase"]
[SourceQuality "1"]
[TimeControl "40/6000+30:2400+30"]

1. d4 g6 2. g3 Bg7 3. Bg2 c5 4. c3 cxd4 5. cxd4 d5 6. Nc3 Nf6 7. Nf3 O-O 8. O-O Nc6 9. Ne5 e6 10. Nxc6 bxc6 11. Bf4 Nh5 12. Be3 Rb8 13. Na4 {[%emt 0:02:49] D79: Fianchetto Grünfeld: Symmetrical Variation (6 0-0 c6 7 cxd5 cxd5).} f5 14. Qd2 f4 {[%emt 0:01:49][%mdl 64] Deflection} 15. Bxf4 {[%emt 0:02:49] The position is equal.} Nxf4 16. gxf4 Qh4 17. e3 {[%emt 0:01:42] [#]} Rf5 $146 ({Predecessor:} 17... g5 18. fxg5 e5 19. f4 exd4 20. exd4 Rb7 21. Rac1 Rbf7 22. Nc3 Ba6 23. Ne2 Bxe2 24. Qxe2 Rxf4 25. Rxf4 Qxf4 26. Rxc6 Bxd4+ {1-0 Sekulic,D (2295)-Marinkovic,S (2320) Belgrade-B 1990 (7)}) 18. f3 Rh5 19. h3 g5 20. Nc3 $2 (20. Qa5 $1 $11 {and White has nothing to worry.} gxf4 21. Qc7 (21. Qxa7 Rb7 $17)) 20... gxf4 $1 $19 21. exf4 Bh6 22. Ne2 Ba6 {[%emt 0:01:37] And now ...Kh8 would win.} 23. Rf2 {[%emt 0:04:39] [#]} Kh8 $1 {[%emt 0:01:10] Hoping for ...Rg8.} 24. Bf1 $2 (24. Qe3 Rg8 25. Qxe6) 24... Bxe2 25. Qxe2 Qg3+ (25... Bxf4 $19 {is more deadly.} 26. a4 Bg3 {[%mdl 64] Discovered Attack}) 26. Bg2 $2 (26. Rg2 $17 {was the crucial defense.} Qxf4 27. Rg4) 26... Bxf4 (26... Qxf4 $2 27. Qxe6 Qxd4 28. Re1 $19) (26... Bg7 $2 27. Rd1 $19) 27. Qxe6 Rh6 {[%emt 0:00:06] Wards off Qf6+} 28. Qe7 Bd6 (28... Rxh3 29. Qf6+ (29. Qxa7 $2 Rh1+ {[%mdl 64] Skewer, Decoy} 30. Kxh1 Qh2#) 29... Kg8 30. Qe6+ (30. Qxc6 $2 Rh1+ {[%mdl 64] Skewer, Decoy} 31. Kxh1 Qh2#) 30... Kg7 31. Qxh3 $18) 29. Qd7 Rg8 30. Kf1 (30. Re1 {was forced.} Qf4 31. Re8) 30... Rhg6 {[%emt 0:03:46] Threatens to win with ...Qf4.} (30... Qh2 31. Qxc6 Rhg6 32. Qxd5 $17) 31. Re1 $2 (31. Qf5) 31... Qh2 $2 (31... Qf4 $19 32. a3 Qxd4) 32. Re8 $1 $11 Qf4 $40 {[%emt 0:02:02][%mdl 128] Black attacks.} (32... Rxg2 $2 33. Rxg8+ Rxg8 34. Rxh2 Bxh2 35. Qxc6 $18) 33. Rxg8+ $1 (33. Qxc6 $2 Rxg2 34. Rxg8+ Rxg8 $19) 33... Kxg8 34. Re2 (34. Qxc6 $11 {keeps the balance.} Qxd4 35. Qc8+ Bf8 36. Qc3 Qd1+ 37. Qe1 Qd3+ 38. Qe2 Qb1+ 39. Qe1 Qxa2 40. f4) 34... Qc1+ {[%emt 0:01:22][%mdl 1024] Black has strong compensation.} 35. Re1 {[%emt 0:00:07] [#]} Qc4+ (35... Qxb2 $6 36. Re8+ Bf8 37. Rxf8+ Kxf8 38. Qd8+ Kg7 39. Qe7+ Kh8 40. Qf8+ Rg8 41. Qf6+ Rg7 42. Qf8+ Rg8 43. Qf6+ Rg7 44. Qf8+ Rg8 $11) 36. Re2 Qc1+ (36... Qxa2 37. Re8+ (37. Kf2 $2 Bg3+ 38. Kg1 Qb1+ 39. Bf1 Be5+ $19) 37... Bf8 38. Rxf8+ Kxf8 39. Qd8+ Kg7 40. Qe7+ Kh8 41. Qd8+ (41. Qf8+ Rg8 $11) 41... Rg8 42. Qf6+ Rg7 43. Qf8+ Rg8 44. Qf6+ Rg7 45. Qf8+ Rg8 46. Qf6+ $11) ({Better is} 36... Qxd4 $17 {aiming for ...Qd1+.} 37. Qe8+ Kg7) 37. Re1 {[%emt 0:00:06] Really sharp!} Qc4+ ({Black should try} 37... Qc2 $11 38. Qe8+ Bf8) 38. Re2 $17 Qc1+ {[%emt 0:00:26] And White is the lucky defender. An exciting game.   Weighted Error Value: White=0.84/Black=0.49} ({Much worse is} 38... Qxa2 39. Re8+ (39. Kf2 $2 Bg3+ 40. Kg1 Qb1+ 41. Bf1 Be5+ $19 {[%mdl 64] Discovered Attack}) 39... Bf8 40. Rxf8+ Kxf8 41. Qd8+ Kf7 42. Qd7+ Kg8 43. Qd8+ Kf7 44. Qd7+ Kg8 45. Qd8+ Kg7 46. Qe7+ Kh8 47. Qd8+ (47. Qf8+ Rg8 $11) 47... Rg8 48. Qf6+ Rg7 49. Qf8+ Rg8 50. Qf6+ Rg7 51. Qf8+ Rg8 52. Qf6+ $11) (38... Qxd4 39. Qe8+ Kg7 40. h4) (38... Bf8 $17) 1/2-1/2